 Dungeon Crawl Stone Soup version 0.27.1-3-gb3d3a73c9e (webtiles) character file.

Game seed: 13650563160439889048

22681 Crownlay the Cleaver (level 13, -5/118 HPs)
             Began as a Hill Orc Fighter on Oct 7, 2021.
             Was a High Priest of Okawaru.
             Killed by divine providence
             ... invoked by a meliai
              (12 damage)
             ... on level 12 of the Dungeon.
             The game lasted 00:29:19 (14320 turns).

Crownlay the Cleaver (Hill Orc Fighter)            Turns: 14320, Time: 00:29:19

Health: -5/118     AC: 25    Str: 24    XL:     13   Next: 1%
Magic:  0/21       EV: 12    Int:  8    God:    Okawaru [*****.]
Gold:   415        SH: 14    Dex: 10    Spells: 12/12 levels left

rFire    . . .     SeeInvis +   s - +3 war axe
rCold    . . .     Faith    .   g - +0 kite shield {AC+3}
rNeg     . . .     Spirit   +   J - +1 ring mail "Sydywero" {Rampage}
rPois    +         Reflect  .   w - +5 helmet "Recynodgh" {rPois Will+}
rElec    .         Harm     .   V - +2 cloak {rCorr}
rCorr    +         Rampage  +   y - +0 pair of gloves
Will     +....                  I - +0 pair of boots
Stlth    ++........             k - amulet of guardian spirit
HPRegen  0.29/turn              S - +4 ring of slaying
MPRegen  0.17/turn              R - ring of see invisible

@: heroic, slowed, very slow
A: no striking features
a: Renounce Religion, Heroism, Finesse


You were on level 12 of the Dungeon.
You worshipped Okawaru.
Okawaru was extremely pleased with you.
You visited 2 branches of the dungeon, and saw 13 of its levels.
You visited the Abyss 1 time.
You also visited: Sewer.

You collected 655 gold pieces.
You spent 240 gold pieces at shops.

Inventory:

Hand Weapons
 s - a +3 war axe (weapon)
 v - a +2 flail of holy wrath
Missiles
 f - 88 poisoned darts
 F - 10 curare-tipped darts (quivered)
 N - a throwing net
Armour
 g - a +0 kite shield of protection (worn)
 w - the +5 helmet "Recynodgh" (worn) {rPois Will+}
   (You acquired it on level 7 of the Dungeon)

   rPois:     It protects you from poison.
   Will:      It increases your willpower.
 y - a +0 pair of gloves (worn)
 I - a +0 pair of boots (worn)
 J - the +1 ring mail "Sydywero" (worn) {Rampage}
   (You bought it in a shop on level 6 of the Dungeon)

   Rampage:   It bestows one free step when moving towards enemies.
 V - a +2 cloak of preservation (worn)
Jewellery
 a - a ring of protection from cold
 k - an amulet of guardian spirit (around neck)
 E - a ring of fire
 Q - a +4 ring of protection
 R - a ring of see invisible (right hand)
 S - a +4 ring of slaying (left hand)
Wands
 h - a wand of flame (41)
 H - a wand of polymorph (3)
 M - a wand of acid (17)
 P - a wand of iceblast (15)
 X - a wand of paralysis (4)
 Y - a wand of charming (16)
Scrolls
 e - a scroll of brand weapon {unknown}
 j - a scroll of blinking
 l - 2 scrolls of enchant weapon {unknown}
 n - 2 scrolls of vulnerability
 q - a scroll of summoning {unknown}
 t - a scroll of enchant armour {unknown}
 u - 2 scrolls of immolation
 A - 13 scrolls of teleportation
 W - a scroll of fog {unknown}
Potions
 b - 3 potions of brilliance {unknown}
 d - a potion of cancellation {unknown}
 i - 3 potions of degeneration {unknown}
 m - 4 potions of haste
 o - a potion of berserk rage
 p - 4 potions of lignification
 r - 3 potions of mutation {unknown}
 z - a potion of attraction {unknown}
 C - 2 potions of might
 D - a potion of resistance {unknown}
 U - 2 potions of invisibility


   Skills:
 - Level 12.0(17.0) Fighting
 - Level 14.0(19.0) Axes
 + Level 8.8(13.8) Armour
 * Level 11.6(16.6) Shields
 * Level 11.9 Invocations


You had 12 spell levels left.
You didn't know any spells.
Your spell library contained the following spells:

 Spells                   Type           Power      Damage    Failure   Level
 Animate Skeleton         Necr           0%         N/A       52%         1
 Apportation              Tloc           0%         N/A       52%         1
 Corona                   Hex            0%         N/A       52%         1
 Sandblast                Erth           0%         2d4       52%         1
 Summon Small Mammal      Summ           0%         N/A       52%         1
 Passwall                 Tmut/Erth      0%         N/A       65%         2
 Call Canine Familiar     Summ           0%         N/A       87%         3
 Conjure Flame            Conj/Fire      0%         6-21      87%         3
 Ignite Poison            Fire/Tmut/Pois 0%         N/A       87%         3
 Portal Projectile        Hex/Tloc       0%         N/A       87%         3
 Leda's Liquefaction      Hex/Erth       0%         N/A       99%         4
 Sticky Flame             Conj/Fire      0%         2d3       99%         4
 Lee's Rapid Deconstruct  Erth           0%         3d5*      100%        5
 Conjure Ball Lightning   Conj/Air       0%         3x3d6     100%        6
 Discord                  Hex            0%         N/A       100%        8
 Disjunction              Tloc           0%         N/A       100%        8


Dungeon Overview and Level Annotations

Branches:
Dungeon (12/15)            Temple (1/1) D:7            Lair (0/6) D:11
    Orc (0/2) D:10          Sewer (visited)

Altars:
Ashenzari
Cheibriados
Dithmenos
Elyvilon
Fedhas
Gozag
Kikubaaqudgha
Makhleb
Nemelex Xobeh
Okawaru
Ru
Sif Muna
Trog
Vehumet
Wu Jian
Xom
Yredelemnul
Beogh

Shops:
D:3 :   D:5 [   D:6 *

Annotations:
D:12 3 runed translucent doors


Message History

The fire elemental hits you. The fire elemental burns you!
The fire elemental hits you. The fire elemental burns you!
You are too injured to fight recklessly!
You are too injured to fight recklessly!
You are too injured to fight recklessly!
You gain the combat prowess of a mighty hero.
You are covered in liquid flames!
The meliai hits you but does no damage. You block the meliai's attack.
The wraith hits you! The meliai hits you but does no damage.
The meliai stings you but does no damage.
The fire elemental hits you. The fire elemental burns you!
* * * LOW HITPOINT WARNING * * *
You block the fire elemental's attack.
The deep elf pyromancer closely misses you.
The meliai hits you but does no damage. The meliai misses you.
The wraith hits you but does no damage. The fire elemental hits you.
The fire elemental burns you!
* * * LOW HITPOINT WARNING * * *
You barely miss the deep elf pyromancer.
The deep elf pyromancer is severely wounded.
You hit the wraith.
You slash the fire elemental! x2; You slash the meliai!
You are covered in liquid flames!
* * * LOW HITPOINT WARNING * * *
You block the fire elemental's attack. The meliai hits you but does no damage.
The meliai barely misses you.
The deep elf pyromancer gestures wildly while chanting.
The deep elf pyromancer blinks!
The fire elemental hits you. You block the fire elemental's attack.
The wraith hits you but does no damage.
The meliai mumbles some strange prayers to its god against you.
Something smites you!
* * * LOW HITPOINT WARNING * * *
Okay, then.
Blink to where?
Press: ? - help, Dir - move target A troll and a cyclops come into view.
Found a rapier.
As you read the scroll of blinking, it crumbles to dust.
The meliai mumbles some strange prayers to its god against you.
Something smites you!
You die...

#
####..###..#...###..#
###.....#...# #..#
#############..#
§#≈≈≈≈§≈≈§§#..#
§#T....§§≈≈##.#
.+......§≈≈##.#
.+.......§≈≈#.#
.+........≈§#.##
.#.....@).§§#..#
.#....C...§§##.#
#.........§##.##
########''###..#
≈≈....##.# .....EW#E#
.....°☼y○# ....e..E.#
..^....'.#


You could see a cyclops (wandering), a deep elf pyromancer, a troll (wandering),
2 fire elementals, a wraith and a meliai.

Vanquished Creatures
  A cacodemon (Abyss:2)
  A lorocyproca (Abyss:2)
  Josephine (D:11)
  Harold (D:7)
  A hydra (D:12)
  A boulder beetle (D:10)
  A centaur warrior (D:12)
  4 two-headed ogres
  3 death yaks (D:11)
  A thrashing horror (Abyss:2)
  Sonja (D:11)
  A large abomination (D:11)
  2 sixfirhies (Abyss:2)
  A wizard (D:11)
  A cyclops (D:11)
  Maurice (D:10)
  A smoke demon (Abyss:2)
  A gargoyle (D:10)
  An unseen horror (D:12)
  A red devil (Abyss:2)
  3 trolls
  A hornet (D:9)
  A raiju (Abyss:2)
  A meliai zombie (D:11)
  Sigmund (D:2)
  A vampire (D:10)
  5 yaks
  5 wraiths
  A wyvern (D:8)
  Menkaure (D:4)
  A water moccasin (D:9)
  3 orc warriors
  A black bear (D:5)
  A hornet zombie (D:7)
  A necrophage (D:3)
  4 ogres
  4 centaurs
  7 kobold brigands
  A bullfrog (D:8)
  2 scorpions
  A wyvern skeleton (D:7)
  5 killer bees
  4 wights
  6 howler monkeys
  3 centaur zombies
  A hound (D:6)
  6 orc priests
  3 centaur skeletons
  2 bullfrog skeletons
  Jessica (D:3)
  7 orc wizards
  A scorpion zombie (D:5)
  Natasha (thrice) (D:3)
  5 iguanas
  3 hell rats (D:11)
  A killer bee zombie (D:7)
  A howler monkey zombie (D:8)
  2 howler monkey skeletons
  13 adders
  5 river rats
  2 white imps
  An ufetubus (D:6)
  3 worms
  6 dart slugs
  35 orcs
  14 ball pythons
  7 bats
  6 endoplasms
  4 giant cockroaches
  5 goblins
  7 hobgoblins
  4 jackals
  2 quokkas
  7 frilled lizards
  53 kobolds
  30 rats
  A starspawn tentacle (Abyss:2)
331 creatures vanquished.

Vanquished Creatures (others)
  2 plants (D:2)
  4 starspawn tentacles (Abyss:2)
6 creatures vanquished.

Grand Total: 337 creatures vanquished

Notes
Turn   | Place    | Note
-------+----------+-------------------------------------------
     0 | D:1      | Crownlay the Hill Orc Fighter began the quest for the Orb.
     0 | D:1      | Reached XP level 1. HP: 19/19 MP: 1/1
    67 | D:1      | Reached skill level 3 in Axes
   308 | D:1      | Reached XP level 2. HP: 19/26 MP: 2/2
   441 | D:1      | Reached skill level 4 in Axes
   622 | D:1      | Reached XP level 3. HP: 28/31 MP: 3/3
   849 | D:2      | Reached skill level 5 in Axes
  1113 | D:2      | Noticed Sigmund
  1128 | D:2      | Killed Sigmund
  1129 | D:2      | Reached skill level 7 in Axes
  1129 | D:2      | Reached XP level 4. HP: 5/39 MP: 4/4
  1129 | D:2      | Reached XP level 5. HP: 6/45 MP: 5/5
  1807 | D:2      | Reached skill level 8 in Axes
  1815 | D:2      | Reached XP level 6. HP: 50/51 MP: 6/6
  2203 | D:3      | Noticed Natasha
  2211 | D:3      | Killed Natasha
  2300 | D:3      | Noticed a necrophage
  2311 | D:3      | Killed a necrophage
  2312 | D:3      | Reached skill level 9 in Axes
  2511 | D:3      | Found Beppilus's Book Shop.
  2742 | D:3      | Noticed Natasha
  2745 | D:3      | Noticed Jessica
  2748 | D:3      | Killed Natasha
  2749 | D:3      | Reached XP level 7. HP: 52/57 MP: 7/7
  2760 | D:3      | Killed Jessica
  3020 | D:3      | Noticed Natasha
  3030 | D:3      | Killed Natasha
  3088 | D:4      | Reached skill level 10 in Axes
  3390 | D:4      | Noticed Menkaure
  3400 | D:4      | Killed Menkaure
  3401 | D:4      | Reached skill level 11 in Axes
  4009 | D:4      | Reached XP level 8. HP: 60/64 MP: 6/8
  4487 | D:5      | Entered Level 5 of the Dungeon
  4661 | D:5      | Reached skill level 12 in Axes
  4806 | D:5      | Found a glowing drain.
  4815 | Sewer    | Entered a sewer
  5199 | Sewer    | Reached skill level 13 in Axes
  6094 | D:5      | Reached skill level 14 in Axes
  6094 | D:5      | Reached XP level 9. HP: 61/70 MP: 9/9
  6146 | D:5      | Found Rodakaz's Antique Armour Emporium.
  6478 | D:6      | Found Usousesa's General Store.
  6486 | D:6      | Bought a potion of curing for 30 gold pieces
  6486 | D:6      | Bought the +1 ring mail "Sydywero" {Rampage} for 160 gold
                  | pieces
  6486 | D:6      | Bought a potion of heal wounds for 50 gold pieces
  6997 | D:7      | Noticed Harold
  7015 | D:7      | Killed Harold
  7016 | D:7      | Reached skill level 5 in Fighting
  7016 | D:7      | Reached skill level 5 in Shields
  7448 | D:7      | Found a blossoming altar of Fedhas.
  8039 | D:7      | Found a white marble altar of Elyvilon.
  8163 | D:7      | Found a staircase to the Ecumenical Temple.
  8241 | Temple   | Entered the Ecumenical Temple
  8323 | Temple   | Became a worshipper of Warmaster Okawaru
  8387 | D:7      | Identified a scroll of acquirement
  8388 | D:7      | Acquired the +5 helmet "Recynodgh" {rPois Will+}
  8630 | D:8      | Noticed a two-headed ogre
  8639 | D:7      | Reached skill level 1 in Invocations
  8802 | D:8      | Killed a two-headed ogre
  8802 | D:8      | Reached * piety under Okawaru
  8803 | D:8      | Reached skill level 5 in Armour
  8803 | D:8      | Reached XP level 10. HP: 74/86 MP: 9/12
  8993 | D:8      | Found a broken altar of Ashenzari.
  9002 | D:8      | Found a sacrificial altar of Ru.
  9486 | D:7      | Reached ** piety under Okawaru
  9671 | D:8      | Reached skill level 5 in Invocations
 10225 | D:9      | Reached *** piety under Okawaru
 10442 | D:9      | Noticed a two-headed ogre
 10451 | D:9      | Killed a two-headed ogre
 10650 | D:10     | Entered Level 10 of the Dungeon
 10651 | D:10     | Noticed a gargoyle
 10659 | D:10     | Killed a gargoyle
 10659 | D:10     | Reached **** piety under Okawaru
 10660 | D:10     | Reached XP level 11. HP: 76/97 MP: 11/16
 10891 | D:10     | Found a staircase to the Orcish Mines.
 10904 | D:10     | Found a roughly hewn altar of Beogh.
 10967 | D:10     | Noticed a boulder beetle
 10989 | D:10     | Killed a boulder beetle
 11265 | D:10     | Found a bloodstained altar of Trog.
 11370 | D:10     | Noticed Maurice
 11379 | D:10     | Killed Maurice
 11623 | D:10     | Found an ancient bone altar of Kikubaaqudgha.
 11624 | D:10     | Found a burning altar of Makhleb.
 11838 | D:10     | Identified the +0 chain mail "Qihuh" {rF- rCorr Dex+8}
 11869 | D:11     | Noticed a wizard
 11876 | D:11     | Cast into level 2 of the Abyss (a wizard)
 11913 | Abyss:2  | Noticed a cacodemon
 11915 | Abyss:2  | Noticed a sixfirhy
 11927 | Abyss:2  | Killed a cacodemon
 11927 | Abyss:2  | Reached ***** piety under Okawaru
 11928 | Abyss:2  | Reached skill level 10 in Fighting
 11939 | Abyss:2  | Killed a sixfirhy
 12002 | Abyss:2  | Noticed a purple very ugly thing
 12003 | Abyss:2  | Noticed a thrashing horror
 12010 | Abyss:2  | Noticed a thrashing horror
 12013 | Abyss:2  | Noticed a glowing orange brain
 12016 | Abyss:2  | Noticed a tentacled starspawn
 12025 | Abyss:2  | Noticed a tentacled starspawn
 12036 | Abyss:2  | HP: 3/101 [thrashing horror (9)]
 12048 | Abyss:2  | Killed a thrashing horror
 12048 | Abyss:2  | Received a gift from Okawaru
 12188 | Abyss:2  | Noticed a sixfirhy
 12199 | Abyss:2  | Noticed a large abomination
 12202 | Abyss:2  | Killed a sixfirhy
 12215 | Abyss:2  | Killed a lorocyproca
 12216 | Abyss:2  | Reached skill level 10 in Shields
 12216 | Abyss:2  | Reached XP level 12. HP: 56/108 MP: 0/19
 12218 | D:11     | Escaped the Abyss
 12229 | D:11     | Killed a large abomination
 12230 | D:11     | Reached skill level 10 in Invocations
 12640 | D:11     | Noticed Josephine
 12655 | D:11     | Killed Josephine
 12898 | D:11     | Noticed a death yak
 12899 | D:11     | Found a staircase to the Lair.
 12900 | D:11     | Noticed a death yak
 12901 | D:11     | Noticed a death yak
 12928 | D:11     | Killed a death yak
 12942 | D:11     | Killed a death yak
 12953 | D:11     | Killed a death yak
 13207 | D:11     | Noticed a two-headed ogre
 13214 | D:11     | Killed a two-headed ogre
 13503 | D:11     | Noticed Sonja
 13508 | D:11     | Killed Sonja
 13574 | D:11     | Noticed a two-headed ogre
 13581 | D:11     | Killed a two-headed ogre
 13581 | D:11     | Received a gift from Okawaru
 13830 | D:12     | Noticed a six-headed hydra
 13838 | D:12     | Killed a six-headed hydra
 14147 | D:12     | Noticed a centaur warrior
 14156 | D:12     | Killed a centaur warrior
 14157 | D:12     | Reached XP level 13. HP: 81/118 MP: 16/21
 14320 | D:12     | Found a runed translucent gate.
 14320 | D:12     | Found a runed translucent gate.
 14320 | D:12     | Found a runed translucent gate.
 14320 | D:12     | Killed from afar by a meliai

Illustrated notes

Levels and vault maps discovered:
D:1:      mainiacjoe_arrival_reflecting_pool, layout_rooms, st_stairs_4
D:2:      cheibrodos_old_hovel, layout_basic, minmay_misc_feat_tiny,
          uniq_sigmund
D:3:      layout_rooms, serial_shops, shop, uniq_natasha, uniq_jessica
D:4:      layout_loops_ring, minmay_pentangle, uniq_menkaure
D:5:      layout_gridville, portal_sewer_entry_d, serial_shops, shop,
          minmay_misc_feat_hallway
D:6:      layout_basic, serial_shops, shop, kennysheep_generic_room_4
D:7:      layout_rooms, elyvilon_altar_5, fedhas_bush_and_centaur_altar,
          minmay_temple_entry_trees, uniq_harold
D:8:      layout_rooms, nicolae_ashenzari_panopticon, lemuel_round_altar
D:9:      layout_cave_pools
D:10:     layout_long_grid, bloody_trog, minitemple,
          minmay_orc_entry_temple_small, uniq_maurice
D:11:     layout_roguey, dpeg_lair_monsters, uniq_sonja, uniq_josephine
D:12:     kennysheep_treasure_stockpile, layout_loops_ring, minmay_the_grid_2x2
          [minmay_the_grid_large_cup, minmay_the_grid_spin_star,
          minmay_the_grid_square_x, minmay_the_grid_prize_four_corners],
          uniq_kirke
Temple:   regret_index_temple_generic_petals

Skill      XL: |  1  2  3  4  5  6  7  8  9 10 11 12 |
---------------+-------------------------------------+-----
Axes           | 3 4 7 8 9 11 14 | 14.0
Fighting       | 7 9 10 12 | 12.0
Armour         | 5 6 7 8 |  8.8
Shields        | 6 8 10 11 | 11.6
Invocations    | 3 6 9 11 | 11.9

Action                   |  1- 3 |  4- 6 |  7- 9 | 10-12 | 13-15 || total
-------------------------+-------+-------+-------+-------+-------++-------
Melee: War axe           |   103 |    68 |   382 |   459 |    13 ||  1025
       Flail             |       |       |       |     6 |       ||     6
Throw: Dart              |    21 |    15 |     8 |     1 |       ||    45
Invok: Heroism           |       |       |       |     7 |     1 ||     8
       Finesse           |       |       |       |     1 |       ||     1
Evoke: Wand              |       |       |       |     2 |       ||     2
  Use: Potion            |     1 |       |     1 |     4 |       ||     6
       Scroll            |       |       |     9 |     3 |     1 ||    13
Armor: Scale mail        |    63 |    26 |   133 |       |       ||   222
       Ring mail         |       |       |    19 |   311 |    28 ||   358
Dodge: Dodged            |    56 |    30 |   183 |   205 |    12 ||   486
Block: Buckler           |       |       |       |    64 |       ||    64
       Kite shield       |       |       |       |    36 |    18 ||    54
